AoeStats
← βolacha

Arabia

510538318Analyzed
2v2 RM · 2d ago on Oct 1, 2026· 47m 7s· 4 players
Game mode
Random Map
Map size
Medium (4 player)
Population
200
Speed
Normal
Resources
Standard
Victory
Conquest
Starting age
Dark Age
Ending age
Imperial Age
RankedLock teamsTeams togetherTeam positionsShared explorationLock speedFull tech treeHidden civsTurbo modeCheats
Victory
Defeat
🇧🇷 Vikings · Brazil
1080
+13
🇧🇷 Franks · Brazil
1044
+14
🇨🇳 Spanish · China
1027
-14
🇨🇴 Portuguese · Colombia
999
-13
小怪兽
0:30 Loom
11:40 Feudal Age
16:43 Castle Age
15:35 Double-Bit Axe
15:42 Horse Collar
19:47 Bow Saw
21:16 Pikeman
23:20 Squires
28:28 Wheelbarrow
28:07 Scale Mail Armor
28:52 Gold Mining
juansrv
3:58 Loom
10:56 Feudal Age
11:42 Double-Bit Axe
14:49 Wheelbarrow
22:56 Castle Age
21:12 Horse Collar
31:54 Bow Saw
34:25 Fletching
35:13 Hand Cart
37:35 Bodkin Arrow
38:57 Heavy Plow
40:13 Scale Mail Armor
40:22 Pikeman
47:37 Imperial Age
49:49 Imperial Age
Viniciussgg
6:53 Loom
9:13 Feudal Age
9:47 Double-Bit Axe
15:45 Scale Barding Armor
21:03 Castle Age
19:43 Man-at-Arms
21:30 Forging
22:20 Scale Mail Armor
21:54 Long Swordsman
22:25 Arson
23:27 Bow Saw
25:35 Horse Collar
28:34 Iron Casting
30:45 Squires
31:46 Chain Mail Armor
31:25 Stone Mining
31:26 Gold Mining
31:42 Crossbowman
32:25 Padded Archer Armor
32:15 Fletching
33:26 Gold Shaft Mining
39:45 Imperial Age
38:36 Treadmill Crane
39:17 Ballistics
39:48 Two-Handed Swordsman
42:24 Chemistry
41:32 Heavy Plow
42:40 Two-Man Saw
41:20 Champion
43:05 Plate Mail Armor
43:36 Blast Furnace
44:25 Leather Archer Armor
44:05 Bodkin Arrow
47:23 Ring Archer Armor
βolacha
11:35 Feudal Age
9:52 Loom
11:38 Feudal Age
16:29 Castle Age
15:12 Double-Bit Axe
16:25 Forging
19:50 Husbandry
23:49 Scale Barding Armor
25:15 Iron Casting
24:57 Gold Mining
26:53 Stone Mining
30:00 Gold Shaft Mining
30:18 Chain Barding Armor
32:02 Wheelbarrow
37:46 Imperial Age
40:09 Padded Archer Armor
39:59 Fletching
41:10 Blast Furnace
40:05 Cavalier
Connection lost

Rejoining the realm…

Still unreachable

The connection could not be restored.

Session expired

The server has moved on; the page needs a fresh start.